 Dungeon Crawl Stone Soup version 0.21-a0-401-g0b6bec4 (webtiles) character file.

8897 tidbits the Thaumaturge (level 11, -20/76 HPs)
             Began as a Gnoll Skald on Oct 23, 2017.
             Was an Elder of Cheibriados.
             Engulfed by a cloud of freezing vapour (34 damage)
             ... in an ice cave.
             The game lasted 00:40:09 (2863 turns).

tidbits the Thaumaturge (Gnoll Skald)               Turns: 2863, Time: 00:40:10

Health: -20/76     AC: 11    Str: 23    XL:     11   Next: 38%
Magic:  10/23      EV: 19    Int: 27    God:    Cheibriados [****..]
Gold:   358        SH:  0    Dex: 24    Spells: 12/26 levels left

rFire    + . .     SeeInvis .   V - +0 battleaxe
rCold    . . .     Gourm    .   (shield currently unavailable)
rNeg     . . .     Faith    .   B - +0 troll leather armour
rPois    .         Spirit   .   (helmet restricted)
rElec    .         Reflect  .   C - +0 cloak
rCorr    .         Harm     .   G - +2 pair of gloves
MR       +....     Clarity  +   (no boots)
Stlth    ++++......             (no amulet)
HPRegen  0.62/turn              Z - ring of protection from magic
MPRegen  0.18/turn              L - ring of protection from fire

@: very slow
A: distributed training, fangs 1, horns 1, yellow scales 1, blurry vision 1,
clarity, frail 1, strong nose
a: Bend Time, Temporal Distortion, Slouch, Renounce Religion


You were in an ice cave.
You worshipped Cheibriados.
Cheibriados was greatly pleased with you.
You were not hungry.

You visited 2 branches of the dungeon, and saw 12 of its levels.
You also visited: Ossuary and Ice Cave.

You collected 358 gold pieces.

Inventory:

Hand Weapons
 a - a -1 war axe
 b - a +0 morningstar
 v - a +1 hunting sling of freezing
   (You found it on level 2 of the Dungeon)
 w - a +0 shortbow
 D - a +0 halberd
 V - a +0 battleaxe (weapon)
Missiles
 c - 57 arrows
 f - 30 stones (quivered)
 n - 26 bolts
 p - 55 sling bullets
 N - a throwing net {!f}
Armour
 B - a +0 troll leather armour (worn)
 C - a +0 cloak (worn)
 E - a +0 helmet
 G - a +2 pair of gloves (worn)
Magical Staves
 P - an uncursed staff of power {unknown}
   (You found it on level 6 of the Dungeon)
Jewellery
 k - an uncursed amulet of inaccuracy
   (You found it on level 11 of the Dungeon)
 o - an uncursed ring of protection from magic
   (You found it in an ice cave)
 L - a ring of protection from fire (right hand)
   (You found it on level 5 of the Dungeon)
 Z - a ring of protection from magic (left hand)
   (You found it on level 10 of the Dungeon)
Wands
 q - a wand of acid (2/15)
 s - a wand of lightning (7/15)
 x - a wand of disintegration (0/24)
 T - a wand of iceblast (1/15)
 Y - a wand of polymorph (16/24)
Scrolls
 g - 2 scrolls of fear {unknown}
 h - a scroll of noise {unknown}
 j - 2 scrolls of recharging {unknown}
 m - 2 scrolls of amnesia
 r - 4 scrolls of remove curse
 t - 2 scrolls of magic mapping
 F - 2 scrolls of teleportation
 J - 2 scrolls of holy word {unknown}
 Q - a scroll of torment
 U - a scroll of fog
Potions
 e - a potion of mutation {unknown}
 i - a potion of brilliance {unknown}
 l - 2 potions of resistance {unknown}
 u - 2 potions of heal wounds
 z - 2 potions of agility {unknown}
 A - 4 potions of curing
 K - 3 potions of might
 O - a potion of cancellation {unknown}
 S - a potion of haste {unknown}
 W - 2 potions of degeneration {unknown}
Books
 H - a book of Cantrips
   (You found it on level 5 of the Dungeon)

   Spells                             Type                      Level
   a - Confusing Touch                Hexes                        1
   b - Animate Skeleton               Necromancy                   1
   c - Summon Small Mammal            Summoning                    1
   d - Apportation                    Translocation                1
 I - a book of Changes
   (You found it on level 5 of the Dungeon)

   Spells                             Type                      Level
   a - Beastly Appendage              Transmutation                1
   b - Sticks to Snakes               Transmutation                2
   c - Spider Form                    Transmutation/Poison         3
   d - Ice Form                       Ice/Transmutation            4
   e - Blade Hands                    Transmutation                5
Comestibles
 d - 7 bread rations
 M - 4 chunks of flesh
 R - 4 fruits
 X - 3 meat rations


   Skills:
 + Level 7.7 Fighting
 + Level 6.1 Short Blades
 + Level 6.1 Long Blades
 + Level 7.7 Axes
 + Level 6.1 Maces & Flails
 + Level 6.1 Polearms
 + Level 6.1 Staves
 + Level 6.1 Slings
 + Level 6.1 Bows
 + Level 6.1 Crossbows
 + Level 6.1 Throwing
 + Level 6.7 Armour
 + Level 7.7 Dodging
 + Level 6.1 Stealth
 + Level 6.1 Shields
 + Level 6.1 Unarmed Combat
 + Level 8.0 Spellcasting
 + Level 5.1 Conjurations
 + Level 5.1 Hexes
 + Level 7.5 Charms
 + Level 5.1 Summonings
 + Level 5.1 Necromancy
 + Level 5.1 Translocations
 + Level 5.1 Transmutations
 + Level 5.1 Fire Magic
 + Level 5.1 Ice Magic
 + Level 5.1 Air Magic
 + Level 5.1 Earth Magic
 + Level 5.1 Poison Magic
 + Level 6.7 Invocations
 + Level 6.1 Evocations


You had 12 spell levels left.
You knew the following spells:

 Your Spells              Type           Power        Failure   Level  Hunger
a - Apportation           Tloc           #####.       1%          1    None
g - Shroud of Golubria    Chrm/Tloc      #####.....   1%          2    None
k - Sticks to Snakes      Tmut           #####...     1%          2    None
n - Animate Skeleton      Necr           N/A          1%          1    None
r - Regeneration          Chrm/Necr      #####.....   1%          3    None
w - Spectral Weapon       Hex/Chrm       #####...     1%          3    None
y - Song of Slaying       Chrm           ######..     1%          2    None


Dungeon Overview and Level Annotations

Branches:
Dungeon (11/15)            Temple (1/1) D:5            Lair (0/6) D:8
    Orc: D:9-12

Altars:
Ashenzari
Cheibriados
Dithmenos
Elyvilon
Fedhas
Gozag
Hepliaklqana
Kikubaaqudgha
Makhleb
Okawaru
Ru
Sif Muna
Trog
Uskayaw
Vehumet
Wu Jian
Xom
Yredelemnul
The Shining One

Annotations:
D:8 Nico3ck's ghost, novice FoFi


Innate Abilities, Weirdness & Mutations

Your experience applies equally to all skills.
You have very sharp teeth.
Your uncanny sense of smell can sniff out nearby items.
You have a pair of small horns on your head.
You are partially covered in yellow scales. (AC +2)
Scrolls take you a little longer to read.
You possess an exceptional clarity of mind.
You are frail. (-10% HP)


Message History

Casting: Spectral Weapon
Confirm with . or Enter, or press ? or * to list all spells.
Your skin crawls.
You swap places.
You see here a polar bear corpse.
Casting: Regeneration
Confirm with . or Enter, or press ? or * to list all spells.
You attempt to give life to the dead...
Before your eyes, flesh is ripped from the corpse!
The dead are walking!
You see here 3 chunks of flesh.
M - 4 chunks of flesh (gained 3)
You swap places.
Your skin is crawling a little less now.
Found a wolf corpse.
Your skin stops crawling.
You see here a wolf corpse.
You enter the shallow water.
Moving in this stuff is going to be slow.
A polar bear comes into view.
The polar bear growls angrily.
A yak comes into view.
You swap places.
The yak gores your spectral weapon.
Your spectral weapon shares its damage with you!
Wield which item (- for none, * to show all)? (? for menu, Esc to quit)
Your spectral weapon disappears as you unwield.
You are now empty-handed.
You swap places.
Your wolf skeleton bites the yak. x2
The yak gores your wolf skeleton!
Your wolf skeleton is destroyed!
A yak comes into view.
You swap places.
Your polar bear skeleton crumbles into dust!
Your polar bear skeleton barely misses the yak.
Your polar bear skeleton claws the yak but does no damage. x2
The yak completely misses your polar bear skeleton.
Wield which item (- for none, * to show all)? (? for menu, Esc to quit)
a - a -1 war axe (weapon)
Your polar bear skeleton bites the yak!
Your polar bear skeleton claws the yak. x2
The yak gores your polar bear skeleton!
Your polar bear skeleton is destroyed!
The yak bellows!
Wield which item (- for none, * to show all)? (? for menu, Esc to quit)
V - a +0 battleaxe (weapon)
You hear an angry growl.
Casting: Animate Skeleton
Confirm with . or Enter, or press ? or * to list all spells.
You draw out your weapon's spirit!
Your wolf skeleton completely misses the yak.
Your wolf skeleton bites the yak.
The yak gores your wolf skeleton! Something bites your wolf skeleton!
Something claws your wolf skeleton. x2
Your wolf skeleton bites the yak.
The yak gores your wolf skeleton.
You swap places.
Your wolf skeleton bites the yak.
Something bites your wolf skeleton. Something claws your wolf skeleton.
Your wolf skeleton is destroyed!
You hit the yak. You bite the yak.
The yak is almost dead.
Your spectral weapon hits the yak!!
You kill the yak!
Cheibriados thoroughly appreciates the change of pace.
A polar bear comes into view.
You slash the polar bear!
You headbutt the polar bear, but do no damage.
You bite the polar bear.
The polar bear is heavily wounded.
You are engulfed in freezing vapours.
Your spectral weapon is engulfed in freezing vapours.
Your spectral weapon barely misses the polar bear.
Your spectral weapon is engulfed in freezing vapours. x2
The polar bear is engulfed in freezing vapours.
The polar bear bites you but does no damage.
The polar bear completely misses you.
The polar bear claws you but does no damage.
The polar bear is engulfed in freezing vapours.
Your spectral weapon is engulfed in freezing vapours.
The polar bear is engulfed in freezing vapours. x2
The polar bear bites you but does no damage.
The polar bear closely misses you. x2
You slash the polar bear! You bite the polar bear.
The polar bear is severely wounded.
You hit the polar bear but do no damage.
You are engulfed in freezing vapours.
Your spectral weapon is engulfed in freezing vapours.
Your spectral weapon hits the polar bear! x2
You kill the polar bear!
Cheibriados thoroughly appreciates the change of pace.
You can now inflict damage on those overly hasty.
Cheibriados raises the support of your attributes as your movement slows.
Your spectral weapon is engulfed in freezing vapours. x2
The polar bear is engulfed in freezing vapours.
The polar bear dies!
Your spectral weapon is engulfed in freezing vapours.
You are engulfed in freezing vapours.
* * * LOW HITPOINT WARNING * * *
Your spectral weapon is engulfed in freezing vapours. x5
Your spectral weapon fades away.
Things that are here:
a polar bear corpse; a yak corpse You are engulfed in freezing vapours.
You die...

#.Z#########.†.##
#≈≈≈
##...##.........##
≈≈≈≈
#..###...⌠...#..##
≈≈≈≈≈
###..##.....##%..#
#≈≈≈≈
##..#########.†###
≈≈≈≈≈≈ #..###
##..# #≈≈≈# ##.§§#
#.†###
#≈Y≈####§§##
##...# #h≈##@#§.##
##... ∆
###≈§#§§§§# ##%.
######### ###


There were no monsters in sight!

Vanquished Creatures
  The ghost of tidbits the Magician, a journeyman GnSk of Cheibriados (D:10)
  An ugly thing (D:11)
  A manticore (D:11)
  Maurice (D:8)
  A gargoyle (D:11)
  2 ice devils (D:11)
  4 polar bears (IceCv)
  Prince Ribbit (D:9)
  2 hippogriffs
  A wraith (D:10)
  11 yaks
  2 wargs (D:8)
  3 orc warriors
  2 ice beasts
  A sky beast (D:8)
  A black bear (D:10)
  A phantom (D:10)
  9 wolves (IceCv)
  A centaur (D:11)
  An ogre (D:5)
  An elf zombie (Ossuary)
  4 bullfrogs
  A big kobold (D:11)
  4 crimson imps
  A quasit (D:10)
  A centaur zombie (Ossuary)
  2 human zombies (Ossuary)
  3 hounds
  A jelly (D:7)
  2 orc priests (D:8)
  A bullfrog skeleton (D:11)
  3 iguanas (D:7)
  4 orc wizards
  2 worker ants (D:8)
  A killer bee zombie (D:8)
  A big kobold zombie (Ossuary)
  A hound zombie (D:8)
  2 mummies (Ossuary)
  7 adders
  A gnoll (D:1)
  3 adder zombies (Ossuary)
  An adder skeleton (D:9)
  A worm (D:4)
  A dart slug (D:3)
  5 leopard geckos
  15 orcs
  A giant cockroach (D:2)
  5 goblins
  7 hobgoblins
  7 jackals
  5 kobolds
  2 ball pythons
  5 bats
  3 goblin zombies
  6 hobgoblin zombies (Ossuary)
  2 jackal zombies
  9 kobold zombies (Ossuary)
  11 orc zombies (Ossuary)
  A quokka zombie (D:5)
  2 rats
182 creatures vanquished.

Vanquished Creatures (collateral kills)
  A troll (D:11)
  A wolf (IceCv)
  A bullfrog (D:11)
  A bullfrog skeleton (D:11)
  A gnoll (D:11)
  3 kobolds (D:11)
8 creatures vanquished.

Vanquished Creatures (others)
  A polar bear (IceCv)
  3 yaks (IceCv)
  4 wolves (IceCv)
  6 spectral weapons
14 creatures vanquished.

Grand Total: 204 creatures vanquished

Notes
Turn   | Place    | Note
-------+----------+-------------------------------------------
     0 | D:1      | tidbits the Gnoll Skald began the quest for the Orb.
     0 | D:1      | Reached XP level 1. HP: 20/20 MP: 6/6
    94 | D:1      | Reached XP level 2. HP: 20/26 MP: 0/7
   100 | D:1      | Learned a level 2 spell: Song of Slaying
   103 | D:1      | Learned a level 2 spell: Shroud of Golubria
   373 | D:3      | Reached XP level 3. HP: 31/31 MP: 6/9
   381 | D:2      | Learned a level 3 spell: Regeneration
   385 | D:2      | Learned a level 3 spell: Spectral Weapon
   402 | D:2      | Reached skill level 5 in Spellcasting
   480 | D:1      | Reached skill level 1 in Invocations
   596 | D:4      | Reached skill level 1 in Short Blades
   596 | D:4      | Reached skill level 1 in Long Blades
   596 | D:4      | Reached skill level 1 in Maces & Flails
   596 | D:4      | Reached skill level 1 in Polearms
   596 | D:4      | Reached skill level 1 in Staves
   596 | D:4      | Reached skill level 1 in Slings
   596 | D:4      | Reached skill level 1 in Bows
   596 | D:4      | Reached skill level 1 in Crossbows
   596 | D:4      | Reached skill level 1 in Throwing
   596 | D:4      | Reached skill level 1 in Stealth
   596 | D:4      | Reached skill level 1 in Shields
   596 | D:4      | Reached skill level 1 in Unarmed Combat
   596 | D:4      | Reached skill level 1 in Evocations
   596 | D:4      | Reached XP level 4. HP: 33/38 MP: 7/11
   601 | D:4      | Found an ornate altar of the Wu Jian Council.
   685 | D:4      | Reached skill level 1 in Conjurations
   685 | D:4      | Reached skill level 1 in Hexes
   685 | D:4      | Reached skill level 1 in Summonings
   685 | D:4      | Reached skill level 1 in Necromancy
   685 | D:4      | Reached skill level 1 in Translocations
   685 | D:4      | Reached skill level 1 in Transmutations
   685 | D:4      | Reached skill level 1 in Fire Magic
   685 | D:4      | Reached skill level 1 in Ice Magic
   685 | D:4      | Reached skill level 1 in Air Magic
   685 | D:4      | Reached skill level 1 in Earth Magic
   685 | D:4      | Reached skill level 1 in Poison Magic
   784 | D:3      | Found a sacrificial altar of Ru.
   809 | D:3      | Reached XP level 5. HP: 43/43 MP: 9/12
   851 | D:3      | Noticed an angel
   852 | D:3      | Found a shimmering altar of Xom.
   871 | D:3      | Found a basalt altar of Yredelemnul.
   923 | D:4      | Found a blossoming altar of Fedhas.
  1042 | D:5      | Entered Level 5 of the Dungeon
  1078 | D:5      | Found a staircase to the Ecumenical Temple.
  1086 | Temple   | Entered the Ecumenical Temple
  1108 | Temple   | Became a worshipper of Cheibriados the Contemplative
  1147 | D:5      | Learned a level 1 spell: Animate Skeleton
  1149 | D:5      | Learned a level 1 spell: Apportation
  1218 | D:5      | Noticed an ogre
  1226 | D:5      | Killed an ogre
  1226 | D:5      | Reached skill level 3 in Armour
  1248 | D:5      | Found a sand-covered staircase.
  1273 | Ossuary  | Entered an ossuary
  1331 | Ossuary  | Reached * piety under Cheibriados
  1342 | Ossuary  | Reached skill level 2 in Invocations
  1342 | Ossuary  | Reached XP level 6. HP: 34/50 MP: 2/13
  1372 | Ossuary  | Reached skill level 5 in Fighting
  1372 | Ossuary  | Reached skill level 2 in Short Blades
  1372 | Ossuary  | Reached skill level 2 in Long Blades
  1372 | Ossuary  | Reached skill level 5 in Axes
  1372 | Ossuary  | Reached skill level 2 in Maces & Flails
  1372 | Ossuary  | Reached skill level 2 in Polearms
  1372 | Ossuary  | Reached skill level 2 in Staves
  1372 | Ossuary  | Reached skill level 2 in Slings
  1372 | Ossuary  | Reached skill level 2 in Bows
  1372 | Ossuary  | Reached skill level 2 in Crossbows
  1372 | Ossuary  | Reached skill level 2 in Throwing
  1372 | Ossuary  | Reached skill level 5 in Dodging
  1372 | Ossuary  | Reached skill level 2 in Stealth
  1372 | Ossuary  | Reached skill level 2 in Shields
  1372 | Ossuary  | Reached skill level 2 in Unarmed Combat
  1372 | Ossuary  | Reached skill level 2 in Evocations
  1439 | Ossuary  | Reached XP level 7. HP: 16/56 MP: 3/15
  1570 | D:5      | Learned a level 2 spell: Sticks to Snakes
  1638 | D:6      | Reached skill level 2 in Conjurations
  1638 | D:6      | Reached skill level 2 in Hexes
  1638 | D:6      | Reached skill level 2 in Summonings
  1638 | D:6      | Reached skill level 2 in Necromancy
  1638 | D:6      | Reached skill level 2 in Translocations
  1638 | D:6      | Reached skill level 2 in Transmutations
  1638 | D:6      | Reached skill level 2 in Fire Magic
  1638 | D:6      | Reached skill level 2 in Ice Magic
  1638 | D:6      | Reached skill level 2 in Air Magic
  1638 | D:6      | Reached skill level 2 in Earth Magic
  1638 | D:6      | Reached skill level 2 in Poison Magic
  1733 | D:7      | Reached ** piety under Cheibriados
  1740 | D:7      | Reached skill level 3 in Invocations
  1768 | D:7      | Reached XP level 8. HP: 48/63 MP: 7/16
  1780 | D:7      | Reached skill level 6 in Charms
  1798 | D:7      | Reached skill level 4 in Armour
  1823 | D:7      | Reached skill level 3 in Short Blades
  1823 | D:7      | Reached skill level 3 in Long Blades
  1823 | D:7      | Reached skill level 3 in Maces & Flails
  1823 | D:7      | Reached skill level 3 in Polearms
  1823 | D:7      | Reached skill level 3 in Staves
  1823 | D:7      | Reached skill level 3 in Slings
  1823 | D:7      | Reached skill level 3 in Bows
  1823 | D:7      | Reached skill level 3 in Crossbows
  1823 | D:7      | Reached skill level 3 in Throwing
  1823 | D:7      | Reached skill level 3 in Stealth
  1823 | D:7      | Reached skill level 3 in Shields
  1823 | D:7      | Reached skill level 3 in Unarmed Combat
  1823 | D:7      | Reached skill level 3 in Evocations
  1851 | D:8      | Noticed Nico3ck's ghost (novice FoFi)
  1956 | D:8      | Reached skill level 6 in Spellcasting
  1983 | D:8      | Found a staircase to the Lair.
  2014 | D:8      | Reached skill level 4 in Invocations
  2020 | D:8      | Reached skill level 3 in Conjurations
  2020 | D:8      | Reached skill level 3 in Hexes
  2020 | D:8      | Reached skill level 3 in Summonings
  2020 | D:8      | Reached skill level 3 in Necromancy
  2020 | D:8      | Reached skill level 3 in Translocations
  2020 | D:8      | Reached skill level 3 in Transmutations
  2020 | D:8      | Reached skill level 3 in Fire Magic
  2020 | D:8      | Reached skill level 3 in Ice Magic
  2020 | D:8      | Reached skill level 3 in Air Magic
  2020 | D:8      | Reached skill level 3 in Earth Magic
  2020 | D:8      | Reached skill level 3 in Poison Magic
  2020 | D:8      | Reached XP level 9. HP: 32/69 MP: 5/18
  2065 | D:8      | Reached skill level 6 in Fighting
  2065 | D:8      | Reached skill level 6 in Axes
  2065 | D:8      | Reached skill level 6 in Dodging
  2068 | D:8      | Gained mutation: Scrolls take you a little longer to read. [mutagenic meat]
  2069 | D:8      | Gained mutation: You are partially covered in yellow scales. (AC +2) [mutagenic meat]
  2070 | D:8      | Gained mutation: You possess an exceptional clarity of mind. [mutagenic meat]
  2071 | D:8      | Gained mutation: You have a pair of small horns on your head. [mutagenic meat]
  2082 | D:8      | Reached *** piety under Cheibriados
  2125 | D:9      | Found a hide-covered altar of Uskayaw.
  2129 | D:9      | Noticed Prince Ribbit
  2137 | D:9      | Reached skill level 4 in Short Blades
  2137 | D:9      | Reached skill level 4 in Long Blades
  2137 | D:9      | Reached skill level 4 in Maces & Flails
  2137 | D:9      | Reached skill level 4 in Polearms
  2137 | D:9      | Reached skill level 4 in Staves
  2137 | D:9      | Reached skill level 4 in Slings
  2137 | D:9      | Reached skill level 4 in Bows
  2137 | D:9      | Reached skill level 4 in Crossbows
  2137 | D:9      | Reached skill level 4 in Throwing
  2137 | D:9      | Reached skill level 4 in Stealth
  2137 | D:9      | Reached skill level 4 in Shields
  2137 | D:9      | Reached skill level 4 in Unarmed Combat
  2137 | D:9      | Reached skill level 4 in Evocations
  2143 | D:9      | Reached skill level 5 in Armour
  2148 | D:9      | Killed Prince Ribbit
  2168 | D:8      | Found a bloodstained altar of Trog.
  2180 | D:8      | Noticed Maurice
  2195 | D:8      | Killed Maurice
  2195 | D:8      | Reached skill level 5 in Invocations
  2268 | D:10     | Entered Level 10 of the Dungeon
  2310 | D:10     | Reached skill level 7 in Spellcasting
  2310 | D:10     | Reached XP level 10. HP: 61/77 MP: 12/20
  2320 | D:10     | Found a shadowy altar of Dithmenos.
  2366 | D:10     | Noticed tidbits's ghost (journeyman GnSk)
  2406 | D:10     | Killed tidbits's ghost
  2406 | D:10     | Reached skill level 5 in Short Blades
  2406 | D:10     | Reached skill level 5 in Long Blades
  2406 | D:10     | Reached skill level 5 in Maces & Flails
  2406 | D:10     | Reached skill level 5 in Polearms
  2406 | D:10     | Reached skill level 5 in Staves
  2406 | D:10     | Reached skill level 5 in Slings
  2406 | D:10     | Reached skill level 5 in Bows
  2406 | D:10     | Reached skill level 5 in Crossbows
  2406 | D:10     | Reached skill level 5 in Throwing
  2406 | D:10     | Reached skill level 5 in Stealth
  2406 | D:10     | Reached skill level 5 in Shields
  2406 | D:10     | Reached skill level 5 in Unarmed Combat
  2406 | D:10     | Reached skill level 4 in Conjurations
  2406 | D:10     | Reached skill level 4 in Hexes
  2406 | D:10     | Reached skill level 4 in Summonings
  2406 | D:10     | Reached skill level 4 in Necromancy
  2406 | D:10     | Reached skill level 4 in Translocations
  2406 | D:10     | Reached skill level 4 in Transmutations
  2406 | D:10     | Reached skill level 4 in Fire Magic
  2406 | D:10     | Reached skill level 4 in Ice Magic
  2406 | D:10     | Reached skill level 4 in Air Magic
  2406 | D:10     | Reached skill level 4 in Earth Magic
  2406 | D:10     | Reached skill level 4 in Poison Magic
  2406 | D:10     | Reached skill level 5 in Evocations
  2408 | D:10     | Reached skill level 7 in Charms
  2426 | D:11     | Noticed a manticore
  2430 | D:11     | Killed a manticore
  2430 | D:11     | Reached skill level 7 in Fighting
  2430 | D:11     | Reached skill level 7 in Axes
  2430 | D:11     | Reached skill level 7 in Dodging
  2491 | D:10     | Reached skill level 6 in Armour
  2542 | D:11     | Noticed a gargoyle
  2554 | D:11     | Killed a gargoyle
  2554 | D:11     | Reached skill level 6 in Invocations
  2611 | D:11     | Noticed a cyan ugly thing
  2624 | D:11     | Killed a cyan ugly thing
  2627 | D:11     | Gained mutation: You are frail. (-10% HP) [mutagenic meat]
  2684 | D:11     | Found a frozen archway.
  2690 | D:11     | Reached XP level 11. HP: 69/75 MP: 10/22
  2713 | IceCv    | Entered an ice cave
  2722 | IceCv    | Reached **** piety under Cheibriados
  2753 | IceCv    | Reached skill level 6 in Short Blades
  2753 | IceCv    | Reached skill level 6 in Long Blades
  2753 | IceCv    | Reached skill level 6 in Maces & Flails
  2753 | IceCv    | Reached skill level 6 in Polearms
  2753 | IceCv    | Reached skill level 6 in Staves
  2753 | IceCv    | Reached skill level 6 in Slings
  2753 | IceCv    | Reached skill level 6 in Bows
  2753 | IceCv    | Reached skill level 6 in Crossbows
  2753 | IceCv    | Reached skill level 6 in Throwing
  2753 | IceCv    | Reached skill level 6 in Stealth
  2753 | IceCv    | Reached skill level 6 in Shields
  2753 | IceCv    | Reached skill level 6 in Unarmed Combat
  2753 | IceCv    | Reached skill level 6 in Evocations
  2757 | IceCv    | Reached skill level 5 in Conjurations
  2757 | IceCv    | Reached skill level 5 in Hexes
  2757 | IceCv    | Reached skill level 5 in Summonings
  2757 | IceCv    | Reached skill level 5 in Necromancy
  2757 | IceCv    | Reached skill level 5 in Translocations
  2757 | IceCv    | Reached skill level 5 in Transmutations
  2757 | IceCv    | Reached skill level 5 in Fire Magic
  2757 | IceCv    | Reached skill level 5 in Ice Magic
  2757 | IceCv    | Reached skill level 5 in Air Magic
  2757 | IceCv    | Reached skill level 5 in Earth Magic
  2757 | IceCv    | Reached skill level 5 in Poison Magic
  2825 | IceCv    | Reached skill level 8 in Spellcasting
  2863 | IceCv    | Engulfed by a cloud of freezing vapour

Vault maps used:
D:1:      nzn_arrival_crosshair, feat_on_display
D:2:      minmay_tetromino_l4
D:3:      grunt_temple_overflow_order_and_chaos_1, old_standard_altar,
          nicolae_overflow_crystal_walls
D:4:      fedhas_altar_2, kennysheep_mini, minmay_misc_feat_tower,
          hangedman_abyss_or_decor_passed
D:5:      nicolae_qazlal_eye_of_the_storm, minmay_temple_entry_trees,
          enter_ossuary_4, first_bread, minmay_curled_crystal
D:8:      kennysheep_mini_moat, marbit_many_paths, erik_lair_orcish_takeover,
          hangedman_pestilent_swarm, uniq_maurice
D:9:      special_room, basic_altar, minivault_11, uniq_prince_ribbit1
D:10:     orc_0_dummy, nicolae_dithmenos_through_a_glass_darkly
D:11:     portal_ice_cave_demonic_guard, due_unseen_surprise
Temple:   cyrus_circular_temple
Ossuary:  ossuary_tomb_1
IceCv:    ice_cave_caverns_02

Skill      XL: |  1  2  3  4  5  6  7  8  9 10 11 |
---------------+----------------------------------+-----
Spellcasting   | 5 6 7 8 |  8.0
Invocations    | 1 2 3 4 5 6 |  6.7
Short Blades   | 1 2 3 4 5 6 |  6.1
Long Blades    | 1 2 3 4 5 6 |  6.1
Maces & Flails | 1 2 3 4 5 6 |  6.1
Polearms       | 1 2 3 4 5 6 |  6.1
Staves         | 1 2 3 4 5 6 |  6.1
Slings         | 1 2 3 4 5 6 |  6.1
Bows           | 1 2 3 4 5 6 |  6.1
Crossbows      | 1 2 3 4 5 6 |  6.1
Throwing       | 1 2 3 4 5 6 |  6.1
Stealth        | 1 2 3 4 5 6 |  6.1
Shields        | 1 2 3 4 5 6 |  6.1
Unarmed Combat | 1 2 3 4 5 6 |  6.1
Evocations     | 1 2 3 4 5 6 |  6.1
Conjurations   | 1 2 3 4 5 |  5.1
Hexes          | 1 2 3 4 5 |  5.1
Summonings     | 1 2 3 4 5 |  5.1
Necromancy     | 1 2 3 4 5 |  5.1
Translocations | 1 2 3 4 5 |  5.1
Transmutations | 1 2 3 4 5 |  5.1
Fire Magic     | 1 2 3 4 5 |  5.1
Ice Magic      | 1 2 3 4 5 |  5.1
Air Magic      | 1 2 3 4 5 |  5.1
Earth Magic    | 1 2 3 4 5 |  5.1
Poison Magic   | 1 2 3 4 5 |  5.1
Armour         | 3 4 5 6 |  6.7
Fighting       | 5 6 7 |  7.7
Axes           | 5 6 7 |  7.7
Dodging        | 5 6 7 |  7.7
Charms         | 6 7 |  7.5

Action                   |  1- 3 |  4- 6 |  7- 9 | 10-12 || total
-------------------------+-------+-------+-------+-------++-------
Melee: Hand axe          |    67 |   124 |       |       ||   191
       Bite              |     9 |    21 |    23 |    22 ||    75
       Punch             |     1 |       |     1 |       ||     2
       War axe           |       |       |    92 |       ||    92
       Battleaxe         |       |       |    37 |    97 ||   134
       Headbutt          |       |       |    12 |    26 ||    38
 Fire: Hunting sling     |       |       |     1 |       ||     1
       Shortbow          |       |       |       |     1 ||     1
Throw: Stone             |       |       |     1 |     1 ||     2
 Cast: Infusion          |     7 |     1 |       |       ||     8
       Spectral Weapon   |     2 |    14 |    27 |    20 ||    63
       Song of Slaying   |       |     3 |     5 |     3 ||    11
       Regeneration      |       |     2 |    12 |    10 ||    24
       Animate Skeleton  |       |       |     3 |    14 ||    17
       Shroud of Golubri |       |       |     1 |     4 ||     5
       Apportation       |       |       |     1 |       ||     1
       Sticks to Snakes  |       |       |       |     3 ||     3
Invok: Bend Time         |       |     1 |     2 |     3 ||     6
       Temporal Distorti |       |       |       |     1 ||     1
       Slouch            |       |       |       |     1 ||     1
Evoke: Wand              |       |       |     3 |       ||     3
  Use: Scroll            |       |     1 |     5 |     8 ||    14
       Potion            |       |       |       |     3 ||     3
 Stab: Sleeping          |       |     1 |     2 |     1 ||     4
       Distracted        |       |     1 |     2 |     3 ||     6
  Eat: Chunk             |       |     2 |     6 |     4 ||    12
       Royal jelly       |       |     1 |       |       ||     1
Armor: Ring mail         |    25 |    31 |    45 |    14 ||   115
       Troll leather arm |       |       |       |    32 ||    32
Dodge: Dodged            |    54 |    69 |   114 |   114 ||   351

Table legend:
 A = Spawn XP
 B = Non-spawn XP
 C = Spawn XP percentage of total XP
 D = Spawn monster count
 E = Non-spawn monster count
 F = Spawn count percentage of total count
 G = Total turns spent on level
                    A         B        C        D         E        F      G
               +---------+---------+-------+---------+---------+-------+---------
         Total |       0 |   12710 |   0.0 |       0 |     191 |   0.0 |  2863
               +---------+---------+-------+---------+---------+-------+---------
           D:1 |       0 |      27 |   0.0 |       0 |      10 |   0.0 |   209
           D:2 |       0 |      29 |   0.0 |       0 |      15 |   0.0 |   353
           D:3 |       0 |      23 |   0.0 |       0 |      11 |   0.0 |   152
           D:4 |       0 |     105 |   0.0 |       0 |       6 |   0.0 |   328
           D:5 |       0 |     182 |   0.0 |       0 |       7 |   0.0 |   306
           D:6 |       0 |     141 |   0.0 |       0 |       2 |   0.0 |   136
           D:7 |       0 |     741 |   0.0 |       0 |      20 |   0.0 |   214
           D:8 |       0 |    1520 |   0.0 |       0 |      24 |   0.0 |   310
           D:9 |       0 |    1522 |   0.0 |       0 |       9 |   0.0 |    55
          D:10 |       0 |    1876 |   0.0 |       0 |       7 |   0.0 |   189
          D:11 |       0 |    3186 |   0.0 |       0 |      22 |   0.0 |   238
       Ossuary |       0 |     334 |   0.0 |       0 |      38 |   0.0 |   185
         IceCv |       0 |    3024 |   0.0 |       0 |      20 |   0.0 |   150
               +---------+---------+-------+---------+---------+-------+---------

Table legend:
 A = Turns spent in this place as a percentage of turns spent in the entire game.
 B = Non-inter-level travel turns spent in this place as a percentage of non-inter-level travel turns spent in the entire game.
 C = Inter-level travel turns spent in this place as a percentage of turns spent in this place.
 D = Turns resting spent in this place as a percentage of non-inter-level travel turns spent in this place.
 E = Turns spent auto-exploring this place as a percentage of non-inter-level travel turns spent in this place.
 F = Non-inter-level travel turns spent in this place divided by the number of levels of this place that you've seen.
                   A       B       C       D       E      F
               +-------+-------+-------+-------+-------+----------------------
         Total | 100.0 | 100.0 |   0.5 |   0.0 |   0.0 | 203.5
       Dungeon |  87.0 |  87.4 |   0.0 |   0.0 |   0.0 | 226.4
        Temple |   1.3 |   0.8 |  36.8 |   0.0 |   0.0 |  24.0
       Ossuary |   6.5 |   6.5 |   0.0 |   0.0 |   0.0 | 185.0
      Ice Cave |   5.2 |   5.3 |   0.0 |   0.0 |   0.0 | 150.0
               +-------+-------+-------+-------+-------+----------------------

Table legend:
 A = Kills in this place as a percentage of kills in entire the game.
 B = Kills by you in this place as a percentage of kills by you in the entire game.
 C = Kills by friends in this place as a percentage of kills by friends in the entire game.
 D = Other kills in this place as a percentage of other kills in the entire game.
 E = Experience gained in this place as a percentage of experience gained in the entire game.
 F = Experience gained in this place divided by the number of levels of this place that you have seen.
                   A       B       C       D       E      F
               +-------+-------+-------+-------+-------+----------------------
         Total | 100.0 | 100.0 | 100.0 | 100.0 | 100.0 | 907.9
       Dungeon |  69.6 |  69.2 |  87.5 |   0.0 |  73.6 | 850.2
       Ossuary |  19.9 |  20.9 |   0.0 |   0.0 |   2.6 | 334.0
      Ice Cave |  10.5 |   9.9 |  12.5 | 100.0 |  23.8 | 3024.0
               +-------+-------+-------+-------+-------+----------------------

Vault maps used:
D:1:      nzn_arrival_crosshair, feat_on_display
D:2:      minmay_tetromino_l4
D:3:      grunt_temple_overflow_order_and_chaos_1, old_standard_altar,
          nicolae_overflow_crystal_walls
D:4:      fedhas_altar_2, kennysheep_mini, minmay_misc_feat_tower,
          hangedman_abyss_or_decor_passed
D:5:      nicolae_qazlal_eye_of_the_storm, minmay_temple_entry_trees,
          enter_ossuary_4, first_bread, minmay_curled_crystal
D:8:      kennysheep_mini_moat, marbit_many_paths, erik_lair_orcish_takeover,
          hangedman_pestilent_swarm, uniq_maurice
D:9:      special_room, basic_altar, minivault_11, uniq_prince_ribbit1
D:10:     orc_0_dummy, nicolae_dithmenos_through_a_glass_darkly
D:11:     portal_ice_cave_demonic_guard, due_unseen_surprise
Temple:   cyrus_circular_temple
Ossuary:  ossuary_tomb_1
IceCv:    ice_cave_caverns_02
